 Dungeon Crawl Stone Soup version 0.26.1-2-gb8aa6d0cf2 (webtiles) character file.

Game seed: 1620084055071559988

293 Hudbad the Chopper (level 6, -2/55 HPs)
             Began as a Deep Dwarf Fighter on Mar 3, 2021.
             Was an Initiate of Makhleb.
             Slain by an ogre
             ... wielding a cursed -1 giant spiked club
              (16 damage)
             ... on level 5 of the Dungeon.
             The game lasted 00:11:56 (2927 turns).

Hudbad the Chopper (Deep Dwarf Fighter)             Turns: 2927, Time: 00:11:56

Health: -2/55      AC: 13    Str: 21    XL:     6   Next: 11%
Magic:  4/4        EV:  8    Int:  9    God:    Makhleb [......]
Gold:   336        SH:  9    Dex: 12    Spells: 5/5 levels left

rFire    . . .     SeeInvis +   t - +0 war axe
rCold    . . .     Faith    .   c - +0 kite shield
rNeg     . . .     Spirit   .   e - +1 swamp dragon scales
rPois    +         Reflect  .   v - +0 helmet {SInv}
rElec    .         Harm     .   r - +0 cloak
rCorr    .         Rampage  .   (no gloves)
Will     .....                  g - +1 pair of boots
Stlth    +.........             (no amulet)
HPRegen  0.00/turn              (no ring)
MPRegen  0.09/turn              (no ring)

@: non-regenerating
A: damage resistance, heal wounds, sense surroundings 1, no regeneration
a: Heal Wounds, Renounce Religion


You were on level 5 of the Dungeon.
You worshipped Makhleb.
Makhleb was noncommittal.
You visited 2 branches of the dungeon, and saw 6 of its levels.

You collected 336 gold pieces.

Inventory:

Hand Weapons
 t - a +0 war axe (weapon)
Armour
 c - a +0 kite shield (worn)
 e - +1 swamp dragon scales (worn)
 g - a +1 pair of boots (worn)
 r - a +0 cloak (worn)
 v - a +0 helmet of see invisible (worn)
Scrolls
 f - a scroll of blinking
 j - a scroll of magic mapping
 n - a scroll of fear {unknown}
 p - 8 scrolls of identify {unknown}
 q - a scroll of enchant weapon {unknown}
 s - a scroll of immolation {unknown}
Potions
 b - 2 potions of heal wounds {unknown}
 d - a potion of might
 h - a potion of invisibility {unknown}
 l - 3 potions of lignification {unknown}
 m - a potion of attraction {unknown}
 o - a potion of mutation {unknown}
 u - a potion of degeneration {unknown}


   Skills:
 - Level 2.6 Fighting
 + Level 7.1 Axes
 - Level 3.2 Armour
 - Level 3.2 Shields


You had 5 spell levels left.
You didn't know any spells.
Your spell library was empty.

Dungeon Overview and Level Annotations

Branches:
Dungeon (5/15)             Temple (1/1) D:4

Altars:
Ashenzari
Cheibriados
Dithmenos
Fedhas
Gozag
Kikubaaqudgha
Makhleb
Nemelex Xobeh
Okawaru
Ru
Sif Muna
Trog
Uskayaw
Wu Jian
Xom
Yredelemnul
Beogh

Annotations:
D:2 2 transporters
D:4 3 runed translucent doors, dornbeast's ghost, amateur DsAK


Innate Abilities, Weirdness & Mutations

You are resistant to damage.
You can heal yourself by infusing magical energy.
You passively map a small area around you.
You do not regenerate.


Message History

You block the ogre's attack.
You hit the ogre but do no damage.
The ogre is heavily wounded.
The ogre hits you with a cursed -1 giant spiked club.
You hit the ogre.
The ogre is heavily wounded.
You block the ogre's attack.
You completely miss the ogre.
The ogre is heavily wounded.
You hit the ogre.
The ogre is severely wounded.
The ogre barely misses you.
You slash the ogre!
The ogre is almost dead.
The ogre hits you with a cursed -1 giant spiked club!
* * * LOW HITPOINT WARNING * * *
You barely miss the ogre.
The ogre is almost dead.
The ogre hits you with a cursed -1 giant spiked club!!
You die...

### #.######### #.........#
#.#######.# *** #.# #.# ≈,*
********#.# #.# ≈,**
*,,,,,,,#@#######.# ****** ,,,*
*,*****,#O#.......# *,,,,* ,,,*
*,,,* *,#.#.#######**,,,,*
,,,*******,***,#.#.#.#,,,,,+,,,,+
,,,,,,,,,,,,,,,#.#.#<#,*****,,,,*
*,********,**,,#.#.#.#,*,,,,,,,**
*,* *,**,,#.#.#.#,*+*****,** *,*
*,*,,<#.#...#,,,,,* *,** *,*
*,**,**,#####,,,,,* *,**


You could see an ogre.

Vanquished Creatures
  A howler monkey (D:4)
  An orc priest (D:4)
  An iguana (D:4)
  A bullfrog skeleton (D:4)
  A worker ant (D:4)
  5 adders
  2 oozes (D:2)
  2 worms
  3 dart slugs
  3 leopard geckos
  10 orcs
  6 giant cockroaches
  5 hobgoblins
  4 jackals (D:3)
  11 kobolds
  A quokka (D:2)
  9 bats
  A frilled lizard (D:2)
  2 goblins
  11 rats
80 creatures vanquished.

Notes
Turn   | Place    | Note
-------+----------+-------------------------------------------
     0 | D:1      | Hudbad the Deep Dwarf Fighter began the quest for the Orb.
     0 | D:1      | Reached XP level 1. HP: 20/20 MP: 1/1
    40 | D:1      | Reached skill level 3 in Axes
    90 | D:1      | Reached XP level 2. HP: 24/27 MP: 2/2
   649 | D:2      | Noticed a +0 dagger
   651 | D:2      | Noticed a +0 hand axe
   700 | D:2      | Found a hide-covered altar of Uskayaw.
   786 | D:2      | Reached XP level 3. HP: 24/33 MP: 3/3
   795 | D:2      | Reached skill level 4 in Axes
   903 | D:2      | Noticed an orc warrior
   903 | D:2      | Noticed a killer bee
   904 | D:2      | Found an opulent altar of Gozag.
   906 | D:2      | Noticed a water moccasin
   909 | D:2      | Found a transporter.
   947 | D:2      | Found a transporter.
  1117 | D:2      | Reached skill level 5 in Axes
  1117 | D:2      | Reached XP level 4. HP: 24/40 MP: 4/4
  1279 | D:2      | Found a sacrificial altar of Ru.
  1617 | D:3      | Found a snail-covered altar of Cheibriados.
  2055 | D:4      | Reached XP level 5. HP: 14/46 MP: 5/5
  2071 | D:4      | Reached skill level 6 in Axes
  2173 | D:4      | Reached skill level 7 in Axes
  2173 | D:4      | Reached XP level 6. HP: 34/55 MP: 5/5
  2329 | D:4      | Found a runed translucent gate.
  2329 | D:4      | Noticed dornbeast's ghost (amateur DsAK)
  2330 | D:4      | Found a runed translucent gate.
  2331 | D:4      | Found a runed translucent gate.
  2332 | D:4      | Found a roughly hewn altar of Beogh.
  2550 | D:4      | Found a staircase to the Ecumenical Temple.
  2738 | Temple   | Entered the Ecumenical Temple
  2759 | Temple   | Became a worshipper of Makhleb the Destroyer
  2881 | D:5      | Entered Level 5 of the Dungeon
  2927 | D:5      | Slain by an ogre

Illustrated notes

Levels and vault maps discovered:
D:1:      minmay_arrival_solitary_statue, layout_loops_ring
D:2:      layout_loops_ring, nicolae_ru_path_of_blood,
          gammafunk_temple_overflow_arena, dancing_weapons_uskayaw
D:3:      layout_basic, cheibriados_altar_1
D:4:      minmay_spotlight, layout_cave_pools, temple_green,
          biasface_ghost_orc_armoury
D:5:      layout_basic, elyvilon_altar_1, portal_sewer_entry_b,
          kennysheep_cluttered_room
Temple:   nicolae_temple_no_exploring_needed

Skill      XL: |  1  2  3  4  5 |
---------------+----------------+-----
Axes           | 3 5 7 |  7.1
Fighting       | |  2.6
Armour         | |  3.2
Shields        | |  3.2

Action                   |  1- 3 |  4- 6 || total
-------------------------+-------+-------++-------
Melee: War axe           |   107 |   117 ||   224
 Abil: Heal Wounds       |       |     2 ||     2
  Use: Scroll            |       |     5 ||     5
Armor: Scale mail        |     6 |       ||     6
       Swamp dragon scal |    42 |    69 ||   111
Dodge: Dodged            |    39 |    38 ||    77
Block: Kite shield       |    68 |    76 ||   144
